 Dungeon Crawl Stone Soup version 0.28.0-47-ge53b351184 (webtiles) character file.

Game seed: 14086382549176423930

36 Zeld the Insei (level 3, -2/23 HPs)
             Began as an Octopode Transmuter on May 10, 2022.
             Succumbed to an adder's poison
             ... on level 2 of the Dungeon.
             The game lasted 00:02:02 (1877 turns).

Zeld the Insei (Octopode Transmuter)                Turns: 1877, Time: 00:02:03

Health: -2/23      AC:  1    Str: 11    XL:     3   Next: 37%
Magic:  6/6        EV: 13    Int: 15    God:
Gold:   22         SH:  0    Dex: 12    Spells: 0/6 levels left

rFire   . . .      SeeInvis .     - Unarmed
rCold   . . .      Faith    .   (no shield)
rNeg    . . .      Spirit   .   (helmet currently unavailable)
rPois   .          Reflect  .   (no amulet)
rElec   .          Harm     .   (no ring)
rCorr   .          Rampage  .   (no ring)
Will    .....                   (no ring)
Stlth   +++.......              (no ring)
HPRegen 0.07/turn               (no ring)
MPRegen 0.10/turn               (no ring)
                                (no ring)
                                (no ring)

@: lethally poisoned (-2 -> -15), appendages (expiring)
A: tentacle spike 3, almost no armour, amphibious, 8 rings, camouflage 1,
gelatinous body 1, (nimble swimmer 1), tentacles
a: End Transformation


You were on level 2 of the Dungeon.
One of your tentacles had grown a beastly spike.
You visited 1 branch of the dungeon, and saw 2 of its levels.

You collected 48 gold pieces.
You spent 26 gold pieces at shops.

Inventory:

Scrolls
 a - 2 scrolls of blinking {unknown}
 d - a scroll of teleportation {unknown}
Potions
 b - 3 potions of curing {unknown}
 c - a potion of attraction {unknown}


   Skills:
 * Level 1.4 Fighting
 + Level 2.2 Dodging
 + Level 1.0 Stealth
 + Level 3.1 Unarmed Combat
 * Level 2.4 Spellcasting
 * Level 2.5 Transmutations


You couldn't memorise any spells.
You knew the following spells:

 Your Spells              Type           Power      Damage    Failure   Level
a - Beastly Appendage     Tmut           18%        N/A       8%          1
b - Wereblood             Tmut           9%         N/A       12%         2
c - Spider Form           Tmut/Pois      5%         N/A       36%         3

Your spell library contained the following spells:

 Spells                   Type           Power      Damage    Failure   Level
 Ice Form                 Ice/Tmut       5%         N/A       77%         4


Dungeon Overview and Level Annotations

Branches:
Dungeon (2/15)

Altars:
Cheibriados

Shops:
D:2 *


Innate Abilities, Weirdness & Mutations

One of your tentacles has grown a beastly spike.
You cannot wear most types of armour.
You are amphibious.
You can wear up to eight rings at the same time.
Your skin changes colour to match your surroundings (Stealth+).
Your rubbery body absorbs attacks. (AC +1, EV +1)
((You are camouflaged when in or above water. (Stealth+)))
You have tentacles for arms and can constrict up to eight enemies at once.


Message History

You tentacle-slap the adder but do no damage.
Your grab misses the adder. Your squeeze misses the adder.
The adder is moderately wounded.
The adder bites you. The ball python barely misses you.
The ball python closely misses you. The adder closely misses you.
You tentacle-slap the adder. Your grab misses the adder.
The adder is moderately wounded.
The ball python bites you. The ball python closely misses you.
The adder closely misses you.
You closely miss the adder. Your grab misses the adder.
Your tentacle spike misses the adder.
The adder is moderately wounded.
Your transformation is almost over.
The adder barely misses you. The ball python misses you.
The ball python grabs you. The ball python constricts you.
You tentacle-slap the ball python. You grab the ball python.
You pierce the ball python.
Your squeeze misses the ball python.
The ball python is severely wounded.
You constrict the ball python.
You kill the ball python!
The adder bites you but does no damage.
You barely miss the adder. Your grab misses the adder.
Your tentacle-slap misses the adder.
The adder is moderately wounded.
The adder bites you.
You are poisoned.
The adder poisons you! The adder bites you.
You are lethally poisoned!
The adder poisons you!
You closely miss the adder. Your grab misses the adder.
The adder is moderately wounded.
You feel very sick. The adder bites you.
* * * LOW HITPOINT WARNING * * *
You are more poisoned.
The adder poisons you!
Okay, then.
* * * LOW HITPOINT WARNING * * *
You feel very sick.
You die...

##########.
.......... ..
#....[....
....##.........
...#...........
.....##S†...$..
#............
.########@.......
......[.........(
#########.........
....###........###
#.........#.##
###.........#
#............
##.........#... #
## ##..........#
.#


You could see an adder.

Vanquished Creatures
  A dart slug (D:1)
  A bat (D:2)
  4 endoplasms
  2 giant cockroaches
  3 hobgoblins (D:1)
  2 jackals (D:1)
  2 kobolds
  2 quokkas
  5 ball pythons
  A frilled lizard (D:1)
  3 goblins (D:1)
  2 rats (D:1)
28 creatures vanquished.

Notes
Turn   | Place    | Note
-------+----------+-------------------------------------------
     0 | D:1      | Zeld the Octopode Transmuter began the quest for the Orb.
     0 | D:1      | Reached XP level 1. HP: 13/13 MP: 3/3
   546 | D:1      | Reached XP level 2. HP: 18/18 MP: 3/5
   557 | D:1      | Learned a level 2 spell: Wereblood
  1085 | D:1      | Reached skill level 1 in Stealth
  1185 | D:1      | Reached XP level 3. HP: 23/23 MP: 4/6
  1352 | D:1      | Learned a level 3 spell: Spider Form
  1365 | D:1      | Found a faded altar of an unknown god.
  1517 | D:2      | Found a snail-covered altar of Cheibriados.
  1612 | D:2      | Found Dadwevet's Assorted Antiques.
  1697 | D:2      | Bought a scroll labelled BOIJAE ZOOCEDI for 26 gold pieces
  1876 | D:2      | HP: 1/23 [poisoned by an adder]
  1877 | D:2      | Succumbed to an adder's poison

Illustrated notes

Levels and vault maps discovered:
D:1:      dpeg_arrival_three_same_balls, layout_loops_ring,
          shapermc_ecumenical_altar_mp_vishouse, minmay_misc_feat_iff
D:2:      layout_rooms, basic_altar, serial_shops,
          nicolae_shop_overgrown_old_shop, minmay_heptomino_w4, uniq_jessica,
          uniq_crazy_yiuf_cottage

Skill      XL: |  1  2 |
---------------+-------+-----
Stealth        | 1 |  1.0
Fighting       | |  1.4
Dodging        | |  2.2
Unarmed Combat | |  3.1
Spellcasting   | |  2.4
Transmutations | |  2.5

Action                   || total
-------------------------++-------
Melee: Unarmed           ||    52
       Kick              ||    11
       Constrict         ||    10
       Tentacles         ||    10
 Cast: Beastly Appendage ||    18
 Stab: Sleeping          ||    11
Armor: Skin              ||     4
Dodge: Dodged            ||    30
